PA
SOUTH BEACH BLAZE @ ATHLETIC CLUB KC U-21
09/01/2025
 
TOP OF THE 1ST
South Beach Blaze batting - Pitching for Athletic Club KC U-21 : RHP Ramón Márquez
Pitching: RHP Ramón Márquez
Batting: RHB Eduardo Rivera 0-0: Bunted foul
0-1: Fly out, F8 (Line Drive, 89M)
Batting: LHB Jacob Herman 0-0: Ball
1-0: Called Strike
1-1: Called Strike
1-2: Strikes out swinging
Batting: RHB Pau Arria 0-0: Ball
1-0: Called Strike
1-1: Ball
2-1: Called Strike
2-2: Ground out 6-3 (Groundball, 6)
Top of the 1st over - 0 run(s), 0 hit(s), 0 error(s), 0 left on base; South Beach 0 - Athletic Club KC 0
BOTTOM OF THE 1ST
Athletic Club KC U-21 batting - Pitching for South Beach Blaze : LHP Leoncio Ulibarri
Pitching: LHP Leoncio Ulibarri
Batting: RHB Mauro Valverde 0-0: Ball
1-0: Called Strike
1-1: Foul Ball, location: 2F
1-2: Ball
2-2: Strikes out swinging
Batting: RHB Pedro Solís 0-0: Fly out, F5 (Popup, 5S)
Batting: RHB Jesús Vargas 0-0: Ball
1-0: Ball
2-0: Fly out, F5 (Popup, 56)
Bottom of the 1st over - 0 run(s), 0 hit(s), 0 error(s), 0 left on base; South Beach 0 - Athletic Club KC 0
TOP OF THE 2ND
South Beach Blaze batting - Pitching for Athletic Club KC U-21 : RHP Ramón Márquez
Batting: SHB José Rico 0-0: Swinging Strike
0-1: Called Strike
0-2: Ball
1-2: Foul Ball, location: 2F
1-2: Foul Ball, location: 2F
1-2: Foul Ball, location: 2F
1-2: Ball
2-2: Ground out 4-3 (Groundball, 4)
Batting: RHB José Barroca 0-0: Called Strike
0-1: Called Strike
0-2: Strikes out looking
Batting: RHB Steve Irwin 0-0: Called Strike
0-1: Ball
1-1: Foul Ball, location: 2F
1-2: Strikes out looking
Top of the 2nd over - 0 run(s), 0 hit(s), 0 error(s), 0 left on base; South Beach 0 - Athletic Club KC 0
BOTTOM OF THE 2ND
Athletic Club KC U-21 batting - Pitching for South Beach Blaze : LHP Leoncio Ulibarri
Batting: RHB Andrés Medina 0-0: Ball
1-0: DOUBLE (Flyball, 9LD)
Batting: LHB Héctor Barrios 0-0: Called Strike
0-1: Ball
1-1: Ground out 5-3 (Groundball, 56S)
Andrés Medina to third
Batting: RHB Devin Ferris 0-0: Fly out, F8 (Flyball, 89M)
Runner from 3rd tags up, SCORES, throw made
Batting: SHB Álex Castillo 0-0: Called Strike
0-1: Ball
1-1: Swinging Strike
1-2: Foul Ball, location: 2F
1-2: Ball
2-2: Strikes out swinging
Bottom of the 2nd over - 1 run(s), 1 hit(s), 0 error(s), 0 left on base; South Beach 0 - Athletic Club KC 1
TOP OF THE 3RD
South Beach Blaze batting - Pitching for Athletic Club KC U-21 : RHP Ramón Márquez
Batting: RHB Shizuo Heiwajaima 0-0: Swinging Strike
0-1: Ball
1-1: Foul Ball, location: 2F
1-2: Foul Ball, location: 2F
1-2: SINGLE (Flyball, 8LS)
Batting: RHB António Ramírez 0-0: Called Strike
0-1: Ball
1-1: Foul Ball, location: 2F
1-2: Foul Ball, location: 2F
1-2: Ball
Shizuo Heiwajaima is caught stealing 2nd base
2-2: SINGLE (Flyball, 89S)
Batting: RHB Raúl Chávez 0-0: Called Strike
António Ramírez steals 2nd base
0-1: Ball
1-1: Foul Ball, location: 2F
1-2: Ball
2-2: Foul Ball, location: 2F
2-2: Strikes out looking
Batting: RHB Eduardo Rivera 0-0: Foul Ball, location: 2F
0-1: Foul Ball, location: 2F
0-2: Foul Ball, location: 2F
0-2: Ball
1-2: Ball
2-2: Foul Ball, location: 2F
2-2: Ball
3-2: Base on Balls
Batting: LHB Jacob Herman 0-0: Swinging Strike
0-1: Foul Ball, location: 2F
0-2: Ball
1-2: Ball
2-2: Strikes out swinging
Top of the 3rd over - 0 run(s), 2 hit(s), 0 error(s), 2 left on base; South Beach 0 - Athletic Club KC 1
BOTTOM OF THE 3RD
Athletic Club KC U-21 batting - Pitching for South Beach Blaze : LHP Leoncio Ulibarri
Batting: SHB Gerald Merendino 0-0: Called Strike
0-1: Ball
1-1: Swinging Strike
1-2: SINGLE (Line Drive, 78S)
Batting: RHB Fernando Rodríguez 0-0: Ball
1-0: Ball
2-0: Called Strike
2-1: Swinging Strike
2-2: Ball
3-2: Foul Ball, location: 2F
3-2: SINGLE (Groundball, 6MD)
Gerald Merendino to second
Batting: RHB Mauro Valverde 0-0: Called Strike
0-1: Called Strike
0-2: Ball
1-2: Ball
2-2: Ball
3-2: Base on Balls
Gerald Merendino to third
Fernando Rodríguez to second
Batting: RHB Pedro Solís 0-0: Called Strike
0-1: Fly out, F9 (Flyball, 89M)
Runner from 3rd tags up, SCORES, throw made
Batting: RHB Jesús Vargas 0-0: Called Strike
0-1: Ball
1-1: Called Strike
Fernando Rodríguez is caught stealing 3rd base
Mauro Valverde to second
1-2: Strikes out swinging
Bottom of the 3rd over - 1 run(s), 2 hit(s), 0 error(s), 1 left on base; South Beach 0 - Athletic Club KC 2
TOP OF THE 4TH
South Beach Blaze batting - Pitching for Athletic Club KC U-21 : RHP Ramón Márquez
Batting: RHB Pau Arria 0-0: Ball
1-0: Ball
2-0: Swinging Strike
2-1: SINGLE (Groundball, 6MD)
Batting: SHB José Rico 0-0: Called Strike
0-1: Called Strike
0-2: Strikes out swinging
Batting: RHB José Barroca 0-0: Called Strike
0-1: Grounds into double play, 5-4-3 (Groundball, 56)
Top of the 4th over - 0 run(s), 1 hit(s), 0 error(s), 0 left on base; South Beach 0 - Athletic Club KC 2
BOTTOM OF THE 4TH
Athletic Club KC U-21 batting - Pitching for South Beach Blaze : LHP Leoncio Ulibarri
Batting: RHB Andrés Medina 0-0: Called Strike
0-1: Ball
1-1: Ball
2-1: Called Strike
2-2: Strikes out swinging
Batting: LHB Héctor Barrios 0-0: Called Strike
0-1: Foul Ball, location: 2F
0-2: Ball
1-2: Strikes out swinging
Batting: RHB Devin Ferris 0-0: Ball
1-0: Ground out 5-3 (Groundball, 56)
Bottom of the 4th over - 0 run(s), 0 hit(s), 0 error(s), 0 left on base; South Beach 0 - Athletic Club KC 2
TOP OF THE 5TH
South Beach Blaze batting - Pitching for Athletic Club KC U-21 : RHP Ramón Márquez
Batting: RHB Steve Irwin 0-0: Foul Ball, location: 2F
0-1: Ball
1-1: Ground out 5-3 (Groundball, 56)
Batting: RHB Shizuo Heiwajaima 0-0: Called Strike
0-1: Ball
1-1: Ball
2-1: Ball
3-1: Base on Balls
Batting: RHB António Ramírez 0-0: Ball
1-0: DOUBLE (Line Drive, 7D)
Shizuo Heiwajaima to third
Batting: RHB Raúl Chávez 0-0: SINGLE (Line Drive, 56D)
Shizuo Heiwajaima scores
António Ramírez to third
Batting: RHB Eduardo Rivera 0-0: Ball
1-0: Ball
2-0: Fly out, F9 (Flyball, 9S)
Batting: LHB Jacob Herman 0-0: Called Strike
0-1: Ball
1-1: Ball
2-1: Swinging Strike
2-2: Foul Ball, location: 2F
2-2: Ball
3-2: Foul Ball, location: 2F
3-2: Fly out, F8 (Flyball, 8RS)
Top of the 5th over - 1 run(s), 2 hit(s), 0 error(s), 2 left on base; South Beach 1 - Athletic Club KC 2
BOTTOM OF THE 5TH
Athletic Club KC U-21 batting - Pitching for South Beach Blaze : LHP Leoncio Ulibarri
Batting: SHB Álex Castillo 0-0: Foul Ball, location: 2F
0-1: Foul Ball, location: 2F
0-2: Ball
1-2: Foul Ball, location: 2F
1-2: Strikes out looking
Batting: SHB Gerald Merendino 0-0: Ball
1-0: Ball
2-0: Foul Ball, location: 2F
2-1: Fly out, F9 (Flyball, 89M)
Batting: RHB Fernando Rodríguez 0-0: Called Strike
0-1: Ground out 5-3 (Groundball, 5S)
Bottom of the 5th over - 0 run(s), 0 hit(s), 0 error(s), 0 left on base; South Beach 1 - Athletic Club KC 2
TOP OF THE 6TH
South Beach Blaze batting - Pitching for Athletic Club KC U-21 : RHP Ramón Márquez
Pitching: RHP Ernesto Lucero
Batting: RHB Pau Arria 0-0: Ball
1-0: Ball
2-0: Foul Ball, location: 2F
2-1: Foul Ball, location: 2F
2-2: Ground out 1-3 (Groundball, P)
Batting: SHB José Rico 0-0: Ball
1-0: Ball
2-0: Foul Ball, location: 2F
2-1: Ball
3-1: SOLO HOME RUN (Flyball, 9D), Distance : 378 ft
Batting: RHB José Barroca 0-0: Swinging Strike
0-1: Foul Ball, location: 2F
0-2: Strikes out looking
Batting: RHB Steve Irwin 0-0: Foul Ball, location: 2F
0-1: Called Strike
0-2: Foul Ball, location: 2F
0-2: Ball
1-2: Ball
2-2: Foul Ball, location: 2F
2-2: Ball
3-2: Foul Ball, location: 2F
3-2: SINGLE (Flyball, 9S)
Batting: RHB Shizuo Heiwajaima 0-0: Called Strike
0-1: Fly out, F8 (Flyball, 8RM)
Top of the 6th over - 1 run(s), 2 hit(s), 0 error(s), 1 left on base; South Beach 2 - Athletic Club KC 2
BOTTOM OF THE 6TH
Athletic Club KC U-21 batting - Pitching for South Beach Blaze : LHP Leoncio Ulibarri
Batting: RHB Mauro Valverde 0-0: Called Strike
0-1: Ball
1-1: Called Strike
1-2: Foul Ball, location: 2F
1-2: Ground out 6-3 (Groundball, 56)
Batting: RHB Pedro Solís 0-0: Called Strike
0-1: Ball
1-1: Swinging Strike
1-2: Strikes out looking
Batting: RHB Jesús Vargas 0-0: Called Strike
0-1: Ball
1-1: Ball
2-1: SINGLE (Groundball, 56S) (infield hit)
Batting: RHB Andrés Medina 0-0: Ball
1-0: Ball
Jesús Vargas steals 2nd base
2-0: Intentional Walk
Batting: LHB Héctor Barrios 0-0: Called Strike
0-1: Foul Ball, location: 2F
0-2: Strikes out looking
Bottom of the 6th over - 0 run(s), 1 hit(s), 0 error(s), 2 left on base; South Beach 2 - Athletic Club KC 2
TOP OF THE 7TH
South Beach Blaze batting - Pitching for Athletic Club KC U-21 : RHP Ernesto Lucero
Pinch Hitting: LHB Michael Lange 0-0: Ball
1-0: Ball
2-0: Foul Ball, location: 2F
2-1: Ball
3-1: Base on Balls
Pinch Runner at 1st Héctor Santandreu:
Pinch Hitting: LHB Jorge Alejándrez 0-0: Ball
1-0: Ball
2-0: Sac Bunt - play at first, batter OUT! 1-3
Héctor Santandreu to second
Batting: RHB Eduardo Rivera 0-0: Called Strike
0-1: Ball
1-1: Called Strike
1-2: Strikes out swinging
Batting: LHB Jacob Herman 0-0: Ball
1-0: Foul Ball, location: 2F
1-1: Ball
2-1: Ball
3-1: SINGLE (Groundball, 3D)
Héctor Santandreu to third
Runner from 3rd tries for Home, throw and OUT!
Top of the 7th over - 0 run(s), 1 hit(s), 0 error(s), 1 left on base; South Beach 2 - Athletic Club KC 2
BOTTOM OF THE 7TH
Athletic Club KC U-21 batting - Pitching for South Beach Blaze : LHP Leoncio Ulibarri
Now at 3B: Jorge Alejándrez
Now in CF: Héctor Santandreu
Batting: RHB Devin Ferris 0-0: Called Strike
0-1: Swinging Strike
0-2: Ground out 4-3 (Groundball, 4)
Batting: SHB Álex Castillo 0-0: Ball
1-0: SINGLE (Line Drive, 9S)
Pinch Hitting: SHB Carlos Salinas 0-0: Ball
Álex Castillo is caught stealing 2nd base
1-0: Foul Ball, location: 2F
1-1: Ball
2-1: Called Strike
2-2: Strikes out swinging
Bottom of the 7th over - 0 run(s), 1 hit(s), 0 error(s), 0 left on base; South Beach 2 - Athletic Club KC 2
TOP OF THE 8TH
South Beach Blaze batting - Pitching for Athletic Club KC U-21 : RHP Ernesto Lucero
Now at 1B: Wilfred Fuller
Batting: RHB Pau Arria 0-0: Ball
1-0: Called Strike
1-1: Fly out, F8 (Flyball, 8LXD)
Batting: SHB José Rico 0-0: Ball
1-0: SINGLE (Groundball, 56S) (infield hit)
Batting: RHB José Barroca 0-0: Ball
1-0: Called Strike
1-1: Called Strike
1-2: Strikes out looking
Batting: RHB Steve Irwin 0-0: SINGLE (Groundball, 6) (infield hit)
José Rico to second
Pinch Runner at 2nd Chris Nichols:
Pinch Hitting: RHB Dimian Menres 0-0: Ball
1-0: Fly out, F7 (Flyball, 7S)
Top of the 8th over - 0 run(s), 2 hit(s), 0 error(s), 2 left on base; South Beach 2 - Athletic Club KC 2
BOTTOM OF THE 8TH
Athletic Club KC U-21 batting - Pitching for South Beach Blaze : LHP Leoncio Ulibarri
Now in LF: Chris Nichols
Now in RF: Dimian Menres
Pinch Hitting: RHB Shintaro Yamada 0-0: Foul Ball, location: 2F
0-1: Foul Ball, location: 2F
0-2: Ball
1-2: Ball
2-2: Strikes out looking
Pinch Hitting: RHB Kenny Smith 0-0: Ball
1-0: Called Strike
1-1: Foul Ball, location: 2F
1-2: Ball
2-2: Ground out 5-3 (Groundball, 5)
Batting: RHB Pedro Solís 0-0: Reached on error, E5 (Groundball, 56S)
Batting: RHB Jesús Vargas 0-0: Called Strike
0-1: Foul Ball, location: 2F
0-2: Foul Ball, location: 2F
0-2: Ball
1-2: Foul Ball, location: 2F
1-2: Ball
2-2: Strikes out swinging, 2-3 out at first.
Bottom of the 8th over - 0 run(s), 0 hit(s), 1 error(s), 1 left on base; South Beach 2 - Athletic Club KC 2
TOP OF THE 9TH
South Beach Blaze batting - Pitching for Athletic Club KC U-21 : RHP Ernesto Lucero
Pitching: LHP Andrew Sprowle
Now at SS: Arturo Sosa
Now in LF: Jim Unknown
Batting: RHB Héctor Santandreu 0-0: Called Strike
0-1: Swinging Strike
0-2: Ball
1-2: Strikes out swinging
Batting: LHB Jorge Alejándrez 0-0: Called Strike
0-1: Ball
1-1: Swinging Strike
1-2: Strikes out swinging
Batting: RHB Eduardo Rivera 0-0: Ball
1-0: Foul Ball, location: 2F
1-1: Ball
2-1: Swinging Strike
2-2: SINGLE (Groundball, 6MD)
Batting: LHB Jacob Herman 0-0: Ball
1-0: Ball
2-0: Ball
3-0: Called Strike
3-1: Foul Ball, location: 2F
3-2: Foul Ball, location: 2F
3-2: Ground out U3 (Groundball, 34S)
Top of the 9th over - 0 run(s), 1 hit(s), 0 error(s), 1 left on base; South Beach 2 - Athletic Club KC 2
BOTTOM OF THE 9TH
Athletic Club KC U-21 batting - Pitching for South Beach Blaze : LHP Leoncio Ulibarri
Batting: RHB Andrés Medina 0-0: Ball
1-0: Ball
2-0: Ground out 6-3 (Groundball, 6)
Batting: LHB Héctor Barrios 0-0: Ball
1-0: Ball
2-0: Foul Ball, location: 2F
2-1: Foul Ball, location: 2F
2-2: Ball
3-2: Base on Balls
Pitching: LHP Pete Rhue
Batting: RHB Devin Ferris 0-0: Called Strike
0-1: Swinging Strike
0-2: Strikes out swinging
Batting: SHB Álex Castillo 0-0: Called Strike
0-1: Foul Ball, location: 2F
0-2: Ball
1-2: Hit by Pitch
Héctor Barrios to second
Pinch Hitting: RHB Dani Reyes 0-0: Called Strike
0-1: Called Strike
0-2: Ball
1-2: Ball
2-2: Foul Ball, location: 2F
2-2: Ball
3-2: Strikes out swinging
Bottom of the 9th over - 0 run(s), 0 hit(s), 0 error(s), 2 left on base; South Beach 2 - Athletic Club KC 2
TOP OF THE 10TH
South Beach Blaze batting - Pitching for Athletic Club KC U-21 : LHP Andrew Sprowle
Now at 1B: Dani Reyes
Batting: RHB Pau Arria 0-0: Fly out, F5 (Line Drive, 5L)
Batting: RHB Chris Nichols 0-0: Called Strike
0-1: Ball
1-1: Called Strike
1-2: Strikes out looking
Batting: RHB José Barroca 0-0: Called Strike
0-1: Ball
1-1: Foul Ball, location: 2F
1-2: Strikes out looking
Top of the 10th over - 0 run(s), 0 hit(s), 0 error(s), 0 left on base; South Beach 2 - Athletic Club KC 2
BOTTOM OF THE 10TH
Athletic Club KC U-21 batting - Pitching for South Beach Blaze : LHP Pete Rhue
Pinch Hitting: LHB Byron Vallin 0-0: Ball
1-0: Ball
2-0: Swinging Strike
2-1: Ball
3-1: Fly out, F7 (Flyball, 7)
Batting: LHB Arturo Sosa 0-0: Swinging Strike
0-1: Ground out 6-3 (Groundball, 6M)
Batting: RHB Pedro Solís 0-0: Called Strike
0-1: SINGLE (Flyball, 8LS)
Batting: RHB Jesús Vargas 0-0: Ball
1-0: Ball
2-0: Ball
3-0: Base on Balls
Pedro Solís to second
Batting: RHB Andrés Medina 0-0: Ball
1-0: Called Strike
1-1: SINGLE (Groundball, 6D)
Pedro Solís to third
Jesús Vargas to second
Runner from 3rd tries for Home, SAFE, throw made home
Friday, December 30th, 2016 - OOTP Baseball 17.12 Build 75